 Dungeon Crawl Stone Soup version 0.31-a0-152-g6aa68a64a1 (webtiles) character file.

Game seed: 10176825723379688399

123 qw the Shooter (level 4, -2/38 HPs)
             Began as a Minotaur Hunter on June 9, 2023.
             Slain by a gnoll
             ... wielding a +0 spear
              (5 damage)
             ... on level 2 of the Dungeon.
             The game lasted 00:00:38 (1393 turns).

qw the Shooter (Minotaur Hunter)                    Turns: 1393, Time: 00:00:38

Health: -2/38      AC:  5    Str: 15    XL:     4   Next: 80%
Magic:  3/3        EV: 11    Int:  6    God:
Gold:   87         SH:  0    Dex: 16    Spells: 3/3 levels left

rFire   . . .        Y - +0 shortbow
rCold   . . .        (shield currently unavailable)
rNeg    . . .        e - +0 ring mail
rPois   .            (helmet restricted)
rElec   .            (no cloak)
rCorr   .            (no gloves)
SInv    .            (no boots)
Will    .....        (no amulet)
Stlth   +            (no ring)
HPRegen 0.26/turn    (no ring)
MPRegen 0.08/turn

%: no passive effects
@: no status effects
A: horns 2, retaliatory headbutt
a: no special abilities


You were on level 2 of the Dungeon.
You visited 1 branch of the dungeon, and saw 2 of its levels.

You collected 87 gold pieces.


Innate Abilities, Weirdness & Mutations

You have a pair of horns on your head.
You reflexively headbutt those who attack you in melee.


   Skills:
 + Level 3.3 Fighting
 - Level 6.0 Ranged Weapons
 - Level 2.2 Armour
 - Level 2.1 Dodging
 - Level 0.7 Stealth


You had 3 spell levels left.
You didn't know any spells.
Your spell library was empty.

Inventory:

Hand Weapons
 Y - a +0 shortbow (weapon)
Armour
 e - a +0 ring mail (worn)
Scrolls
 a - 3 scrolls of blinking {unknown}
 b - a scroll of identify {unknown}
 c - a scroll of teleportation {unknown}
Potions
 f - 3 potions of heal wounds {unknown}
 g - a potion of curing {unknown}

Dungeon Overview and Level Annotations

Branches:
Dungeon (2/15)

Altars:


Message History

a worm corpse; a jackal corpse
1380 ||| Stepping ~*~*~tactically~*~*~ (outnumbered).
You shoot an arrow. The arrow closely misses the gnoll.
The gnoll hits you from afar with a +0 spear.
The gnoll barely misses you.
You shoot an arrow. The arrow barely misses the gnoll.
The gnoll closely misses you.
You shoot an arrow. The arrow hits the gnoll.
The gnoll is lightly wounded.
The gnoll hits you from afar with a +0 spear.
You shoot an arrow. The arrow hits the gnoll!
The gnoll is severely wounded.
The gnoll closely misses you.
You shoot an arrow.
The arrow hits the gnoll but does no damage.
The gnoll is severely wounded.
The gnoll hits you from afar with a +0 spear.
You shoot an arrow. The arrow hits the gnoll!
You kill the gnoll!
Your Ranged Weapons skill increases to level 6!
You shoot an arrow.
The arrow hits the gnoll but does no damage.
The gnoll misses you.
You shoot an arrow. The arrow hits the gnoll.
The gnoll is moderately wounded.
The gnoll hits you from afar with a +0 halberd!
You shoot an arrow. The arrow hits the gnoll.
The gnoll is severely wounded.
The gnoll hits you from afar with a +0 halberd!
You shoot an arrow. The arrow closely misses the gnoll.
The gnoll hits you from afar with a +0 halberd.
You shoot an arrow. The arrow hits the gnoll!
You kill the gnoll!
You shoot an arrow. The arrow hits the gnoll.
The gnoll is lightly wounded.
The gnoll barely misses you.
You shoot an arrow. The arrow hits the gnoll.
The gnoll is moderately wounded.
The gnoll hits you from afar with a +0 spear.
You die...

.....### ...
......# ... ....$#
.... ..... .....
...##.....
S........ #%.......
###########g#######
.........@%.......[
#######.....###..##
.. #.....# # ####
#.##.....# ....
#.##.....# #####
#.##.....# .....
#######_##.....#
.....
........##.....###
.....
#...............
.....


You could see a gnoll.

Vanquished Creatures
  Terence (D:1)
  2 gnolls (D:2)
  An adder (D:2)
  2 worms (D:2)
  2 ball pythons (D:1)
  3 endoplasms (D:1)
  9 giant cockroaches
  8 goblins
  4 hobgoblins
  6 jackals
  6 kobolds
  2 quokkas (D:1)
  4 bats (D:1)
  3 frilled lizards (D:1)
  2 rats
55 creatures vanquished.

Notes
Turn   | Place    | Note
-------+----------+-------------------------------------------
     0 | D:1      | qw the Minotaur Hunter began the quest for the Orb.
     0 | D:1      | Reached XP level 1. HP: 18/18 MP: 0/0
     0 | D:1      | 0 ||| qw: Version: 0.2-a-122-gbc61b45
     0 | D:1      | 0 ||| qw: Game counter: 3475
     0 | D:1      | 0 ||| qw: Always use a shield: true
     0 | D:1      | 0 ||| qw: God list: Okawaru
     0 | D:1      | 0 ||| qw: Allow faded altars: false
     0 | D:1      | 0 ||| qw: Do Orc after D:15 true
     0 | D:1      | 0 ||| qw: Do second Lair branch before Depths: true
     0 | D:1      | 0 ||| qw: Lair rune preference: random
     0 | D:1      | 0 ||| qw: Plans: Normal
     0 | D:1      | 0 ||| PLANNING D:1-11
    83 | D:1      | Reached XP level 2. HP: 22/25 MP: 1/1
   122 | D:1      | Reached skill level 5 in Ranged Weapons
   198 | D:1      | Reached skill level 3 in Fighting
   430 | D:1      | Reached XP level 3. HP: 31/31 MP: 2/2
   814 | D:1      | 814 ||| UPGRADING to +0 ring mail.
   824 | D:1      | 824 ||| DROPPING +0 leather armour.
   825 | D:1      | 825 ||| READING scroll labelled YFAHENL TISU.
   826 | D:1      | 826 ||| DROPPING scroll of butterflies.
   871 | D:2      | Noticed Terence
   884 | D:2      | 884 ||| STAIRDANCE
   891 | D:1      | Killed Terence
   931 | D:2      | Found a faded altar of an unknown god.
   954 | D:2      | Reached XP level 4. HP: 38/38 MP: 3/3
  1375 | D:2      | 1375 ||| Stepping ~*~*~tactically~*~*~ (outnumbered).
  1379 | D:2      | 1379 ||| Stepping ~*~*~tactically~*~*~ (outnumbered).
  1380 | D:2      | 1380 ||| Stepping ~*~*~tactically~*~*~ (outnumbered).
  1387 | D:2      | Reached skill level 6 in Ranged Weapons
  1389 | D:2      | HP: 3/38 [gnoll/+0 halberd (12)]
  1393 | D:2      | Slain by a gnoll

Levels and vault maps discovered:
D:1:      dpeg_arrival_lava_temple_mockup, layout_loops_ring,
          minmay_tetromino_l4
D:2:      minmay_roachtagon, layout_basic, basic_ecumenical_altar, serial_shops,
          shop, uniq_natasha, uniq_terence

Skill      XL: |  1  2  3  4 |
---------------+-------------+-----
Ranged Weapons | 5 6 |  6.0
Fighting       | 3 |  3.3
Armour         | 2 |  2.2
Dodging        | |  2.1
Stealth        | |  0.7

Action                     |  1- 3 |  4- 6 || total
---------------------------+-------+-------++-------
   Fire: Shortbow          |   115 |    64 ||   179
    Use: Scroll            |     1 |       ||     1
 Armour: Leather armour    |    10 |       ||    10
         Ring mail         |     5 |     5 ||    10
  Dodge: Dodged            |    29 |    13 ||    42

Table legend:
 A = Non-vault XP
 B = Vault XP
 C = Vault XP percentage of total XP
 D = Non-vault monster count
 E = Vault monster count
 F = Vault count percentage of total count
                 A         B        C        D         E       F
            +---------+---------+-------+---------+---------+-------
      Total |     117 |      60 |  33.9 |      42 |      13 |  23.6
            +---------+---------+-------+---------+---------+-------
        D:1 |      45 |      46 |  50.5 |      25 |       6 |  19.4
        D:2 |      72 |      14 |  16.3 |      17 |       7 |  29.2
            +---------+---------+-------+---------+---------+-------
